 Dungeon Crawl Stone Soup version 0.29.1-13-g9f3cf754e1 (webtiles) character file.

Game seed: 1572351435103745812

4421 javelincjr the Cleaver (level 10, -5/83 HPs)
             Began as a Grey Draconian Conjurer on Feb 11, 2023.
             Slain by a sixfirhy (12 damage)
             ... summoned by a kobold demonologist
             ... on level 7 of the Dungeon.
             The game lasted 00:27:31 (5248 turns).

javelincjr the Cleaver (Grey Draconian Conjurer)    Turns: 5248, Time: 00:27:32

Health: -5/83      AC: 13    Str: 14    XL:     10   Next: 14%
Magic:  16/16      EV: 13    Int: 25    God:
Gold:   106        SH:  0    Dex: 10    Spells: 6/17 levels left

rFire   . . .      SeeInvis +   p - +7 war axe of the Grave {spect, Fragile rCorr Str+3 Int+4}
rCold   . . .      Faith    .   D - orb {mayhem}
rNeg    . . .      Spirit   .   (body armour unavailable)
rPois   .          Reflect  .   (helmet restricted)
rElec   .          Harm     .   q - +0 cloak
rCorr   +          Rampage  .   (no gloves)
Will    .....                   (no boots)
Stlth   ++........              x - amulet of magic regeneration
HPRegen 0.23/turn               y - ring of wizardry
MPRegen 0.55/turn               j - ring of see invisible

@: about to teleport, spiked
A: AC +12, amphibious, unfitting armour, cold-blooded
a: no special abilities


You were on level 7 of the Dungeon.
You visited 2 branches of the dungeon, and saw 6 of its levels.
You also visited: Ossuary.

You collected 238 gold pieces.
You spent 132 gold pieces at shops.

Inventory:

Hand Weapons
 p - the +7 war axe of the Grave (weapon) {spect, Fragile rCorr Str+3 Int+4}
   (You found it on level 2 of the Dungeon)

   When its wielder attacks, the weapon's spirit leaps out and strikes again.
   The spirit shares a part of any damage it takes with its wielder.
   Str:       It affects your strength (+3).
   Int:       It affects your intelligence (+4).
   rCorr:     It protects you from acid and corrosion.
   Fragile:   It will be destroyed if unequipped.
 J - a +2 dire flail of holy wrath
Missiles
 b - 4 poisoned darts
 r - 5 atropa-tipped darts
 C - 9 boomerangs
 E - a throwing net
Armour
 q - a +0 cloak (worn)
 D - an orb of mayhem (worn)
Magical Staves
 w - a staff of air
Jewellery
 e - a ring of willpower
 j - a ring of see invisible (right hand)
 x - an amulet of magic regeneration (around neck)
 y - a ring of wizardry (left hand)
Scrolls
 i - a scroll of magic mapping
 k - 2 scrolls of summoning
 s - 5 scrolls of teleportation
 A - a scroll of brand weapon {unknown}
 G - 4 scrolls of enchant armour {unknown}
 H - 2 scrolls of blinking {unknown}
 K - a scroll of vulnerability {unknown}
 L - 2 scrolls of butterflies {unknown}
Potions
 a - 3 potions of magic
 c - a potion of invisibility {unknown}
 h - 8 potions of curing
 l - 2 potions of ambrosia {unknown}
 n - a potion of heal wounds
 u - 5 potions of flight
 v - a potion of cancellation {unknown}
 z - 2 potions of brilliance {unknown}
 B - 3 potions of lignification {unknown}
 F - a potion of mutation {unknown}
 I - 2 potions of haste {unknown}


   Skills:
 + Level 5.9 Fighting
 + Level 1.2 Short Blades
 + Level 9.9 Axes
 + Level 4.5 Dodging
 + Level 4.2 Stealth
 + Level 4.4 Spellcasting
 + Level 6.6 Conjurations
 + Level 1.0 Translocations


You had 6 spell levels left.
You knew the following spells:

 Your Spells              Type           Power      Damage    Failure   Level
a - Magic Dart            Conj           100%       1d8       1%          1
b - Searing Ray           Conj           76%        2d7       1%          2
c - Fulminant Prism       Conj/Hex       11%        3d9       9%          4
d - Iskenderun's Mystic   Conj/Tloc      24%        2d7       8%          4

Your spell library contained the following spells:

 Spells                   Type           Power      Damage    Failure   Level
 Dazzling Flash           Conj/Hex       44%        N/A       2%          3
 Sublimation of Blood     Necr           5%         N/A       5%          2
 Irradiate                Conj/Tmut      11%        3d15      24%         5
 Petrify                  Tmut/Erth      5%         N/A       32%         4


Dungeon Overview and Level Annotations

Branches:
Dungeon (7/15)             Temple (1/1) D:6         Ossuary (visited)

Altars:
Cheibriados
Dithmenos
Elyvilon
Fedhas
Gozag
Hepliaklqana
Kikubaaqudgha
Nemelex Xobeh
Okawaru
Qazlal
Ru
Uskayaw
Vehumet
Wu Jian
Xom
Yredelemnul
Zin
The Shining One

Shops:
D:2 !   D:6 *


Innate Abilities, Weirdness & Mutations

Your dull iron-grey scales are very hard. (AC +12)
You are amphibious.
You cannot fit into any form of body armour.
You are cold-blooded and may be slowed by cold attacks.


Message History

The quasit misses you. The quasit barely misses you. The sixfirhy hits you.
The sixfirhy shocks you!
The kobold demonologist hits you with a +0 dagger.
The red devil hits you from afar with a +2 vampiric trident.
* * * LOW HITPOINT WARNING * * *
Barbed spikes become lodged in your body.
The sixfirhy closely misses you.
As you read the scroll of teleportation, it crumbles to dust.
You feel strangely unstable.
The sixfirhy hits you but does no damage.
The sixfirhy closely misses you.
The sixfirhy hits you but does no damage.
The kobold demonologist miscasts a cantrip.
The red devil hits you from afar with a +2 vampiric trident.
* * * LOW HITPOINT WARNING * * *
Barbed spikes become lodged in your body.
You feel much better.
The kobold demonologist hits you but does no damage.
The red devil hits you but does no damage.
The boulder beetle bites you!
You slash the kobold demonologist!
The kobold demonologist is almost dead.
You hit the boulder beetle but do no damage.
You miss the sixfirhy.
The kobold demonologist barely misses you.
The red devil hits you from afar with a +2 vampiric trident.
Barbed spikes become lodged in your body.
The boulder beetle bites you!!
* * * LOW HITPOINT WARNING * * *
The orange demon stings you from afar.
* * * LOW HITPOINT WARNING * * *
You hit the kobold demonologist.
The kobold demonologist is almost dead.
You hit the boulder beetle but do no damage.
You hit the sixfirhy.
The sixfirhy hits you but does no damage.
The sixfirhy hits you!
* * * LOW HITPOINT WARNING * * *
The sixfirhy shocks you!
You die...

#.# .........
... ......#
#.#.#.# .#
...#.#
#.B...### .#
#)..#
#..##..###.)##
##..##..# #..#
##O.##.# #.)##
##3.#.###.).#
##@#5°##...#
#KB4.####)#
#4#......>#
..5#.##...÷#
....##.##....#
#...#
..##....# ##.#
..###....# ##
..# #....# ..#
#....#


You could see a boulder beetle, a two-headed ogre, an orange demon (summoned), a
kobold demonologist, a sixfirhy (summoned), a red devil (summoned) and an
ufetubus (summoned).

Vanquished Creatures
  An ugly thing (D:7)
  2 gargoyles (D:7)
  Prince Ribbit (D:6)
  5 yaks
  Edmund (D:6)
  An orc warrior (D:7)
  2 ice beasts (D:6)
  2 hornet zombies (Ossuary)
  2 black bears (D:6)
  2 centaurs
  2 scorpions (D:6)
  A necrophage (D:6)
  A bullfrog (D:6)
  4 wights (D:7)
  A howler monkey (D:6)
  7 bullfrog zombies (Ossuary)
  2 centaur zombies (Ossuary)
  13 mummies (Ossuary)
  An orc priest (D:3)
  An orc wizard (D:3)
  3 killer bee zombies (Ossuary)
  2 howler monkey zombies (Ossuary)
  A gnoll (D:1)
  5 adders
  A worm (D:2)
  3 dart slugs
  7 orcs
  5 endoplasms
  4 giant cockroaches
  4 goblins
  7 hobgoblins
  2 jackals (D:1)
  7 kobolds
  A quokka (D:1)
  8 ball pythons
  8 bats
  5 frilled lizards
  5 rats
130 creatures vanquished.

Vanquished Creatures (collateral kills)
  2 yaks (D:6)
  Blork the orc (D:6)
  5 orcs
8 creatures vanquished.

Vanquished Creatures (others)
  An orc priest (D:7)
  An orc (D:3)
  8 withered plants (Ossuary)
10 creatures vanquished.

Grand Total: 148 creatures vanquished

Notes
Turn   | Place    | Note
-------+----------+-------------------------------------------
     0 | D:1      | javelincjr the Draconian Conjurer began the quest for the
                  | Orb.
     0 | D:1      | Reached XP level 1. HP: 14/14 MP: 3/3
   396 | D:1      | Reached XP level 2. HP: 20/20 MP: 1/5
  1028 | D:1      | Reached XP level 3. HP: 26/26 MP: 3/6
  1175 | D:1      | Learned a level 2 spell: Searing Ray
  1553 | D:1      | Reached skill level 5 in Conjurations
  2139 | D:2      | Identified the +7 war axe of the Grave {spect, Fragile
                  | rCorr Str+3 Int+4}
  2206 | D:2      | Reached XP level 4. HP: 32/33 MP: 7/7
  2509 | D:2      | Found Cefomp's Distillery.
  2512 | D:2      | Bought a potion of heal wounds for 60 gold pieces
  2512 | D:2      | Bought 2 potions of curing for 72 gold pieces
  2528 | D:2      | Found a faded altar of an unknown god.
  2637 | D:3      | Found an opulent altar of Gozag.
  2765 | D:3      | Found a basalt altar of Yredelemnul.
  2943 | D:3      | Reached XP level 5. HP: 20/38 MP: 5/8
  3096 | D:3      | Reached skill level 1 in Axes
  3139 | D:3      | You fall into a shaft and drop 3 floors!
  3139 | D:6      | Found a sand-covered staircase.
  3142 | Ossuary  | Entered an ossuary
  3155 | Ossuary  | Reached skill level 1 in Short Blades
  3164 | Ossuary  | Reached skill level 1 in Fighting
  3164 | Ossuary  | Reached skill level 2 in Axes
  3164 | Ossuary  | Reached XP level 6. HP: 37/47 MP: 10/10
  3279 | Ossuary  | Reached skill level 3 in Axes
  3279 | Ossuary  | Your scales start taking on a dull iron-grey colour.
  3279 | Ossuary  | Reached XP level 7. HP: 23/52 MP: 11/11
  3656 | Ossuary  | Reached skill level 4 in Axes
  3912 | D:6      | Noticed Edmund
  3925 | D:6      | Killed Edmund
  3926 | D:6      | Reached skill level 5 in Axes
  3926 | D:6      | Reached XP level 8. HP: 49/62 MP: 6/13
  3999 | D:6      | Reached skill level 6 in Axes
  4001 | D:6      | Reached skill level 7 in Axes
  4006 | D:6      | Reached XP level 9. HP: 19/71 MP: 10/14
  4017 | D:6      | Learned a level 4 spell: Fulminant Prism
  4022 | D:6      | Learned a level 4 spell: Iskenderun's Mystic Blast
  4280 | D:6      | Reached skill level 8 in Axes
  4331 | D:6      | Found Vutifeussy's Elemental Accessories.
  4361 | D:6      | Noticed Blork the orc
  4369 | D:6      | Killed Blork the orc
  4478 | D:6      | Found a staircase to the Ecumenical Temple.
  4489 | Temple   | Entered the Ecumenical Temple
  4616 | D:6      | Noticed Prince Ribbit
  4634 | D:6      | Killed Prince Ribbit
  4972 | D:7      | Reached skill level 9 in Axes
  5004 | D:7      | Noticed a brown ugly thing
  5006 | D:7      | Reached skill level 5 in Fighting
  5015 | D:7      | Noticed a gargoyle
  5022 | D:7      | Killed a brown ugly thing
  5026 | D:7      | Killed a gargoyle
  5027 | D:7      | Reached XP level 10. HP: 42/81 MP: 16/16
  5200 | D:7      | Noticed a gargoyle
  5208 | D:7      | Killed a gargoyle
  5209 | D:7      | Reached skill level 1 in Translocations
  5220 | D:7      | Noticed a boulder beetle
  5242 | D:7      | Noticed a two-headed ogre
  5243 | D:7      | Noticed a sixfirhy
  5244 | D:7      | Noticed an orange demon
  5248 | D:7      | Slain by a sixfirhy

Illustrated notes

Levels and vault maps discovered:
D:1:      dpeg_arrival_round_b, layout_basic
D:2:      minmay_chambers_of_twos, layout_loops_cross,
          hellmonk_ecumenical_altar_pennies_from_heaven, serial_shops,
          nicolae_shop_behind_doors, hangedman_decor_growths
D:3:      layout_loops_ring, mainiacjoe_overflow_alcove_4,
          mainiacjoe_overflow_concentric_impassable, makhleb_altar_promises_db,
          minmay_goblin_kobold_house
D:6:      layout_cave_pools, minmay_temple_entry_junction_2,
          nicolae_ossuary_entry_ruins, nicolae_elemental_shop, uniq_edmund,
          uniq_prince_ribbit1, uniq_blork_the_orc
D:7:      minmay_the_grid_octo_triangle [minmay_the_grid_octo_77,
          minmay_the_grid_octo_prize_square_snowflake,
          minmay_the_grid_octo_fat_diamond], layout_basic, enter_bailey_3,
          minmay_between
Temple:   kb_temple_of_zot

Skill      XL: |  1  2  3  4  5  6  7  8  9 10 |
---------------+-------------------------------+-----
Dodging        | 2 3 4 |  4.5
Conjurations   | 5 6 |  6.6
Stealth        | 2 3 4 |  4.2
Axes           | 2 3 5 7 9 |  9.9
Short Blades   | 1 |  1.2
Fighting       | 1 2 3 5 |  5.9
Spellcasting   | 3 4 |  4.4
Translocations | 1 |  1.0

Action                   |  1- 3 |  4- 6 |  7- 9 | 10-12 || total
-------------------------+-------+-------+-------+-------++-------
Melee: Unarmed           |     6 |       |       |       ||     6
       Tailslap          |     5 |     1 |    15 |     2 ||    23
       Short sword       |    20 |       |       |       ||    20
       War axe           |     2 |    50 |    83 |    16 ||   151
 Cast: Magic Dart        |    81 |    15 |    12 |       ||   108
       Searing Ray       |       |     2 |     5 |       ||     7
       Iskenderun's Myst |       |       |     3 |       ||     3
  Use: Scroll            |       |     1 |     7 |     1 ||     9
       Potion            |       |       |       |     1 ||     1
 Stab: Sleeping          |       |     2 |       |       ||     2
       Distracted        |       |     1 |       |       ||     1
Armor: Skin              |     5 |    12 |    25 |    17 ||    59
Dodge: Dodged            |    18 |    24 |    51 |    30 ||   123
